 Dungeon Crawl Stone Soup version 0.29-a0-284-gf9362112df (webtiles) character file.

Game seed: 12274057350916839911

46 bande the Covered (level 3, -1/23 HPs)
             Began as a Gargoyle Fighter on Mar 29, 2022.
             Slain by an adder (3 damage)
             ... on level 2 of the Dungeon.
             The game lasted 00:01:59 (1118 turns).

bande the Covered (Gargoyle Fighter)                Turns: 1118, Time: 00:01:59

Health: -1/23      AC: 10    Str: 19    XL:     3   Next: 66%
Magic:  3/3        EV:  9    Int:  8    God:
Gold:   77         SH:  4    Dex: 11    Spells: 2/2 levels left

rFire   . . .      SeeInvis .   a - +0 war axe
rCold   . . .      Faith    .   c - +0 buckler
rNeg    + . .      Spirit   .   b - +0 scale mail
rPois   ∞          Reflect  .   (no helmet)
rElec   +          Harm     .   (no cloak)
rCorr   .          Rampage  .   (no gloves)
Will    .....                   (no boots)
Stlth   ..........              (no amulet)
HPRegen 0.07/turn               f - ring of flight
MPRegen 0.08/turn               (no ring)

@: mighty, brilliant, flying
A: sickness immunity, AC +3, negative energy resistance 1, electricity
resistance, torment resistance 1, petrification resistance
a: no special abilities


You were on level 2 of the Dungeon.
You visited 1 branch of the dungeon, and saw 2 of its levels.

You collected 77 gold pieces.

Inventory:

Hand Weapons
 a - a +0 war axe (weapon)
Armour
 b - a +0 scale mail (worn)
 c - a +0 buckler (worn)
Jewellery
 f - a ring of flight (left hand)


   Skills:
 + Level 3.6 Fighting
 + Level 2.4 Axes
 + Level 3.9 Armour
 - Level 0.1 Dodging
 + Level 3.6 Shields


You had 2 spell levels left.
You didn't know any spells.
Your spell library contained the following spells:

 Spells                   Type           Power      Damage    Failure   Level
 Freeze                   Ice            0%         1d3       86%         1
 Ensorcelled Hibernation  Hex/Ice        0%         N/A       94%         2
 Frozen Ramparts          Ice            0%         1d2       99%         3
 Spider Form              Tmut/Pois      0%         N/A       99%         3
 Anguish                  Hex/Necr       0%         N/A       100%        4
 Hailstorm                Conj/Ice       0%         3d3       100%        4


Dungeon Overview and Level Annotations

Branches:
Dungeon (2/15)

Altars:


Innate Abilities, Weirdness & Mutations

You are immune to sickness and miasma.
Your stone body is resilient. (AC +3)
You are immune to poison.
You resist negative energy. (rN+)
You are resistant to electric shocks. (rElec)
You are resistant to unholy torment.
You are immune to petrification.


Message History

* * * LOW HITPOINT WARNING * * *
Something hits you but does no damage. The orc completely misses you.
You slash something!
Reactivating autopickup.
You feel a bit more experienced.
You closely miss the adder. You barely miss the orc.
You closely miss the orc wizard. The adder barely misses you.
You block the orc wizard's attack. The orc hits you but does no damage.
The adder bites you but does no damage.
Unknown command.
It was a potion of brilliance.
You feel clever all of a sudden. The adder bites you but does no damage.
The orc wizard closely misses you.
The orc priest hits you with a +0 hand axe.
* * * LOW HITPOINT WARNING * * *
The orc hits you but does no damage.
It was a potion of heal wounds.
You feel much better. You block the adder's attack.
The orc wizard closely misses you.
The orc priest hits you with a +0 hand axe.
The orc hits you but does no damage. The adder bites you but does no damage.
Unknown command.
You barely miss the orc priest. You hit the orc wizard. You slash the orc!
You kill the orc!
You barely miss the adder. You block the orc wizard's attack.
The orc priest hits you but does no damage.
The adder closely misses you. The orc wizard closely misses you.
The frilled lizard bites you but does no damage.
You block the orc priest's attack.
You hit the orc priest.
The orc priest is moderately wounded.
You hit the orc wizard. You barely miss the frilled lizard. You hit the adder.
The adder barely misses you. You block the adder's attack.
The orc wizard hits you with a +0 dagger.
The orc priest mumbles some strange prayers to Beogh against you.
Beogh smites you!
Ouch! That really hurt!
* * * LOW HITPOINT WARNING * * *
The frilled lizard bites you but does no damage.
You feel very mighty all of a sudden. The adder bites you.
You die...

# .......... #####
......... ...# ##....
........ ..# #.....
....... ..#b #.....
#....# ..# #..... #....#
###.# #..... #..oo#
#...# #..... ####..l@#
#...# #.##.. #..'..S)#
#...####.##††
#.##....####........##.#
#.#..................
#.#######.######.#.#. #
#... #..)..##...#.
##########.######.
#.###.# ## #.....#


You could see an orc priest, an orc wizard, an adder and a frilled lizard.

Vanquished Creatures
  An orc wizard (D:2)
  2 worms (D:2)
  A dart slug (D:2)
  An orc (D:2)
  2 endoplasms
  A giant cockroach (D:1)
  4 goblins
  A hobgoblin (D:2)
  A quokka (D:1)
  3 ball pythons
  2 bats (D:1)
  2 frilled lizards
  3 kobolds (D:2)
  3 rats
27 creatures vanquished.

Vanquished Creatures (others)
  A plant (D:1)
1 creature vanquished.

Grand Total: 28 creatures vanquished

Notes
Turn   | Place    | Note
-------+----------+-------------------------------------------
     0 | D:1      | bande the Gargoyle Fighter began the quest for the Orb.
     0 | D:1      | Reached XP level 1. HP: 14/14 MP: 1/1
   177 | D:1      | Reached XP level 2. HP: 19/19 MP: 2/2
   882 | D:2      | Reached XP level 3. HP: 19/23 MP: 3/3
   988 | D:2      | Found a faded altar of an unknown god.
  1118 | D:2      | Slain by an adder

Illustrated notes

Levels and vault maps discovered:
D:1:      eino_arrival_water_cross, layout_rooms
D:2:      layout_basic, serial_aquarium, aquarium_bridge_square
          [aquarium_subvault_bridge, aquarium_subvault_wall,
          aquarium_subvault_window, aquarium_subvault_window],
          aquarium_bridge_straight [aquarium_subvault_bridge,
          aquarium_subvault_wall, aquarium_subvault_bridge,
          aquarium_subvault_balcony], aquarium_window_1, aquarium_window_fake,
          aquarium_window_fake, aquarium_window_1, aquarium_view_2e,
          chequers_ecumenical_altar_twisty, minmay_statues_item

Skill      XL: |  1  2 |
---------------+-------+-----
Axes           | 2 |  2.4
Fighting       | |  3.6
Armour         | |  3.9
Dodging        | |  0.1
Shields        | |  3.6

Action                   || total
-------------------------++-------
Melee: War axe           ||    78
  Use: Scroll            ||     1
       Potion            ||     3
Armor: Scale mail        ||    62
Dodge: Dodged            ||    43
Block: Buckler           ||    31

Table legend: (Time is in decaauts)
 A = Elapsed time spent in this place.
 B = Non-inter-level travel time spent in this place.
 C = Inter-level travel time spent in this place.
 D = Time resting spent in this place.
 E = Time spent auto-exploring this place.
 F = Levels seen in this place.
 G = Mean time per level.
                   A        B        C        D        E       F      G
               +--------+--------+--------+--------+--------+-----+--------+
         Total |   1153 |   1153 |      0 |    257 |    703 |   2 |  576.5 |
       Dungeon |   1153 |   1153 |      0 |    257 |    703 |   2 |  576.5 |
               +--------+--------+--------+--------+--------+-----+--------+

Top non-repeatable levels by time:
     D:1: 741 daAuts
     D:2: 412 daAuts
